 Dungeon Crawl Stone Soup version 0.19.5 (webtiles) character file.

244 epen the Skirmisher (level 5, 0/47 HPs)
             Began as a Draconian Monk on July 28, 2017.
             Slain by an iguana (5 damage)
             ... on level 4 of the Dungeon on July 29, 2017.
             The game lasted 00:04:20 (2585 turns).

epen the Skirmisher (Draconian Monk)                Turns: 2585, Time: 00:04:21

Health: 0/47       AC:  6    Str: 17    XL:     5   Next: 83%
Magic:  5/5        EV: 14    Int: 10    God:
Gold:   85         SH:  0    Dex: 15    Spells: 0 memorised, 4 levels left

rFire  . . .     SeeInvis .       - Unarmed
rCold  . . .     Gourm    .     (armour unavailable)
rNeg   . . .     Faith    .     (no shield)
rPois  +         Spirit   .     h - +0 hat
rElec  .         Reflect  .     (no cloak)
rCorr  .         Harm     .     (no gloves)
MR     .....                    k - +0 pair of boots
Stlth  ++........               o - amulet of magic regeneration
                                v - ring of poison resistance
                                u - +4 ring of strength

@: no status effects
A: unfitting armour, cold-blooded, AC +5
a: no special abilities


You were on level 4 of the Dungeon.
You were hungry.

You visited 1 branch of the dungeon, and saw 4 of its levels.

You collected 85 gold pieces.

Inventory:

Armour
 h - a +0 hat (worn)
 k - a +0 pair of boots (worn)
Jewellery
 f - an uncursed ring of see invisible
 g - an uncursed ring of protection from magic
 o - an amulet of magic regeneration (around neck)
 u - a +4 ring of strength (left hand)
 v - a ring of poison resistance (right hand)
Wands
 y - a wand of flame (19/48)
Scrolls
 b - 2 scrolls of magic mapping {unknown}
 e - a scroll of amnesia {unknown}
 j - a scroll of remove curse {unknown}
 l - 2 scrolls of noise {unknown}
 n - a scroll of immolation {unknown}
 p - a scroll of identify {unknown}
 s - a scroll of fog {unknown}
Potions
 i - 3 potions of haste {unknown}
 m - 3 potions of heal wounds {unknown}
 q - a potion of might {unknown}
 r - a potion of curing {unknown}
 t - a potion of flight {unknown}
 w - a potion of cure mutation {unknown}
 x - a potion of brilliance {unknown}
 z - a potion of cancellation {unknown}
 A - a potion of mutation {unknown}
Comestibles
 a - 2 bread rations
 c - 4 meat rations
 d - a beef jerky


   Skills:
 + Level 4.5 Fighting
 + Level 3.6 Dodging
 + Level 3.2 Stealth
 * Level 4.4 Unarmed Combat


You had 4 spell levels left.
You didn't know any spells.

Dungeon Overview and Level Annotations

Branches:
Dungeon (4/15)
 Temple: D:4-7

Altars:

Annotations:
D:3 Azzok's ghost, amateur MiFi


Innate Abilities, Weirdness & Mutations

Your plain brown scales are hard. (AC +5)
You cannot fit into any form of body armour.
You are cold-blooded and may be slowed by cold attacks.


Message History

The iguana is almost dead.
The iguana closely misses you.
You hit the iguana but do no damage.
The iguana is almost dead.
The iguana bites you!
* * * LOW HITPOINT WARNING * * *
You hit the iguana but do no damage.
You tail-slap the iguana, but do no damage.
The iguana is almost dead.
The iguana bites you.
* * * LOW HITPOINT WARNING * * *
You closely miss the iguana.
Your tail-slap misses the iguana.
Your punch misses the iguana.
The iguana is severely wounded.
The iguana barely misses you.
You are feeling hungry.
You barely miss the iguana.
The iguana is severely wounded.
The iguana bites you.
You die...

#.### #....# # #...
.# .# ..... .## #..#
#....##.# .... #
#.....######..#.[.
#[# #......@l...<#
#.[####.#.######.###
#.....##.#
##..<###.# ###.# #.#
#.# #.# #.# #.# #.#
... #.#


You could see an iguana.

Vanquished Creatures
  A centaur (D:3)
  A worker ant (D:3)
  A hound skeleton (D:3)
  6 adders
  2 worms (D:3)
  A dart slug (D:1)
  A leopard gecko (D:2)
  3 orcs (D:4)
  9 bats
  A giant cockroach (D:2)
  8 goblins
  5 hobgoblins
  5 jackals
  2 quokkas
  2 frilled lizards
  13 kobolds
  4 rats
65 creatures vanquished.

Notes
Turn   | Place    | Note
-------+----------+-------------------------------------------
     0 | D:1      | epen the Draconian Monk began the quest for the Orb.
     0 | D:1      | Reached XP level 1. HP: 19/19 MP: 1/1
   158 | D:1      | Reached XP level 2. HP: 26/26 MP: 2/2
   775 | D:2      | Reached XP level 3. HP: 31/33 MP: 3/3
  1147 | D:3      | Noticed Azzok's ghost (amateur MiFi)
  1204 | D:3      | Reached XP level 4. HP: 15/40 MP: 4/4
  1891 | D:3      | Noticed a centaur
  1910 | D:3      | Killed a centaur
  1910 | D:3      | Reached XP level 5. HP: 24/46 MP: 5/5
  2585 | D:4      | Slain by an iguana

Skill      XL: |  1  2  3  4 |
---------------+-------------+-----
Stealth        | 2 3 |  3.2
Dodging        | 3 |  3.6
Fighting       | 4 |  4.5
Unarmed Combat | 4 |  4.4

Action                   |  1- 3 |  4- 6 || total
-------------------------+-------+-------++-------
Melee: Unarmed           |   112 |   121 ||   233
       Tailslap          |    11 |    19 ||    30
       Punch             |     1 |     1 ||     2
 Stab: Sleeping          |     7 |     6 ||    13
       Distracted        |     2 |     1 ||     3
  Eat: Chunk             |     1 |     4 ||     5
Armor: Skin              |    34 |    26 ||    60
Dodge: Dodged            |    86 |    78 ||   164
